 Dungeon Crawl Stone Soup version 0.27-a0-1046-g98bf31544f (webtiles) character file.

Game seed: 17962676626264389182

109 jestyr24 the Firebug (level 4, -1/33 HPs)
             Began as a Draconian Fire Elementalist on Apr 19, 2021.
             Was a Follower of Makhleb.
             Slain by a kobold brigand
             ... wielding a +0 short sword
              (6 damage)
             ... on level 3 of the Dungeon.
             The game lasted 00:11:06 (2771 turns).

jestyr24 the Firebug (Draconian Fire Elementalist)  Turns: 2771, Time: 00:11:06

Health: -1/33      AC:  5    Str: 10    XL:     4   Next: 60%
Magic:  4/8        EV: 12    Int: 17    God:    Makhleb [*.....]
Gold:   61         SH:  0    Dex: 11    Spells: 8/9 levels left

rFire    . . .     SeeInvis .   c - +0 hand axe
rCold    . . .     Faith    .   (no shield)
rNeg     . . .     Spirit   .   (armour unavailable)
rPois    .         Reflect  .   (helmet restricted)
rElec    .         Harm     .   (no cloak)
rCorr    .         Rampage  .   (no gloves)
Will     .....                  (no boots)
Stlth    ++........             (no amulet)
HPRegen  0.11/turn              (no ring)
MPRegen  0.11/turn              (no ring)

@: no status effects
A: AC +5, unfitting armour, cold-blooded
a: Renounce Religion


You were on level 3 of the Dungeon.
You worshipped Makhleb.
Makhleb was aware of your devotion.
You visited 1 branch of the dungeon, and saw 3 of its levels.

You collected 61 gold pieces.

Inventory:

Hand Weapons
 a - a +0 short sword
 c - a +0 hand axe (weapon)
 e - a +0 spear
 g - a +0 morningstar
 j - a +0 war axe
Missiles
 d - 78 stones
Armour
 i - a +0 cloak
Scrolls
 b - a scroll of immolation {unknown}
 f - a scroll of summoning {unknown}
 k - a scroll of identify {unknown}
 o - a scroll of teleportation {unknown}
Potions
 h - 2 potions of heal wounds {unknown}
 l - a potion of brilliance {unknown}
 m - a potion of lignification {unknown}
 n - a potion of mutation {unknown}


   Skills:
 + Level 0.2 Fighting
 + Level 1.8 Dodging
 + Level 2.4 Stealth
 + Level 3.0 Spellcasting
 + Level 1.8 Conjurations
 + Level 4.0 Fire Magic


You had 8 spell levels left.
You knew the following spells:

 Your Spells              Type           Power      Damage    Failure   Level
a - Foxfire               Conj/Fire      48%        2x1d6     5%          1

Your spell library contained the following spells:

 Spells                   Type           Power      Damage    Failure   Level
 Conjure Flame            Conj/Fire      12%        6-21      16%         3
 Inner Flame              Hex/Fire       9%         N/A       22%         3
 Sticky Flame             Conj/Fire      12%        2d4       45%         4
 Fireball                 Conj/Fire      6%         3d5       82%         5


Dungeon Overview and Level Annotations

Branches:
Dungeon (3/15)

Altars:
Dithmenos
Kikubaaqudgha
Makhleb
Nemelex Xobeh
Sif Muna
Trog
Wu Jian


Innate Abilities, Weirdness & Mutations

Your plain brown scales are hard. (AC +5)
You cannot fit into any form of body armour.
You are cold-blooded and may be slowed by cold attacks.


Message History

Found a stone staircase leading down.
You conjure some foxfire!
The kobold brigand shoots a bolt.
The bolt hits you!
The foxfire hits the kobold brigand but does no damage.
The foxfire hits the kobold brigand.
The kobold brigand is lightly wounded.
You conjure some foxfire!
The foxfire hits the kobold brigand.
The kobold brigand is moderately wounded.
The foxfire hits the kobold brigand.
The kobold brigand is moderately wounded.
The kobold brigand shoots a bolt.
The bolt hits you.
You conjure some foxfire!
The foxfire hits the kobold brigand but does no damage.
The kobold brigand is moderately wounded.
You closely miss the kobold brigand.
The kobold brigand is moderately wounded.
The foxfire hits the kobold brigand but does no damage.
The kobold brigand is moderately wounded.
The kobold brigand unwields a +0 hand crossbow.
The kobold brigand wields a +0 short sword.
The kobold brigand hits you with a +0 short sword!
* * * LOW HITPOINT WARNING * * *
The kobold brigand hits you but does no damage.
You are too injured to fight recklessly!
Casting: Foxfire (safe; 5% risk of failure)
Confirm with . or Enter, or press ? or * to list all spells.
You conjure some foxfire!
The kobold brigand misses you.
You closely miss the kobold brigand.
The kobold brigand is moderately wounded.
The foxfire hits the kobold brigand.
The kobold brigand is moderately wounded.
The foxfire hits the kobold brigand.
The kobold brigand is heavily wounded.
The kobold brigand hits you with a +0 short sword.
* * * LOW HITPOINT WARNING * * *
Casting: Foxfire (safe; 5% risk of failure)
Confirm with . or Enter, or press ? or * to list all spells.
You conjure some foxfire!
The kobold brigand hits you with a +0 short sword.
You die...

#############
##>....#.....######
##................[.
#...................
#.............).....
#...................
#.vK................
#..@................ #####
#...v...............
#...#####..................
#.#..................####..
#..#...####.........## #..
##...#....#####.##...####..
##..####.# #.##.........
#....##.### #.#########..
#..#..#...###.# ### ....


You could see a kobold brigand (ally target).

Vanquished Creatures
  An iguana (D:2)
  2 adders
  A worm (D:2)
  3 dart slugs
  An orc (D:3)
  5 endoplasms
  2 giant cockroaches
  6 goblins
  5 hobgoblins
  3 jackals (D:1)
  4 quokkas
  5 ball pythons
  A bat (D:2)
  5 frilled lizards
  2 kobolds
  6 rats
52 creatures vanquished.

Vanquished Creatures (others)
  134 foxfires
134 creatures vanquished.

Grand Total: 186 creatures vanquished

Notes
Turn   | Place    | Note
-------+----------+-------------------------------------------
     0 | D:1      | jestyr24 the Draconian Fire Elementalist began the quest
                  | for the Orb.
     0 | D:1      | Reached XP level 1. HP: 14/14 MP: 3/3
   147 | D:1      | Reached XP level 2. HP: 20/20 MP: 0/5
   841 | D:1      | Reached XP level 3. HP: 26/26 MP: 3/6
  1523 | D:2      | Found an ornate altar of the Wu Jian Council.
  2014 | D:2      | Reached XP level 4. HP: 20/33 MP: 3/8
  2192 | D:2      | Found a faded altar of an unknown god.
  2195 | D:2      | Became a worshipper of Makhleb the Destroyer
  2195 | D:2      | Reached * piety under Makhleb
  2600 | D:3      | Reached skill level 4 in Fire Magic
  2631 | D:3      | Found a shimmering blue altar of Sif Muna.
  2632 | D:3      | Found a shadowy altar of Dithmenos.
  2635 | D:3      | Found an ancient bone altar of Kikubaaqudgha.
  2637 | D:3      | Found a burning altar of Makhleb.
  2637 | D:3      | Found a sparkling altar of Nemelex Xobeh.
  2638 | D:3      | Found a bloodstained altar of Trog.
  2759 | D:3      | Noticed a kobold brigand
  2771 | D:3      | Slain by a kobold brigand

Illustrated notes

Levels and vault maps discovered:
D:1:      wander_arrival_estate, layout_loops_corners, minmay_pentomino_s2
D:2:      minmay_general_purpose_star, layout_basic, basic_altar,
          hellmonk_ecumenical_altar_heavens_door, minmay_misc_feat_room,
          hangedman_decor_clover_reticule, kennysheep_generic_room_8
D:3:      layout_rooms, grunt_temple_overflow_open

Skill      XL: |  1  2  3  4 |
---------------+-------------+-----
Stealth        | 2 |  2.4
Fire Magic     | 4 |  4.0
Spellcasting   | 3 |  3.0
Fighting       | |  0.2
Dodging        | |  1.8
Conjurations   | |  1.8

Action                   |  1- 3 |  4- 6 || total
-------------------------+-------+-------++-------
Melee: Unarmed           |     7 |       ||     7
       Hand axe          |    30 |     7 ||    37
       Tailslap          |     5 |       ||     5
 Cast: Foxfire           |    59 |    17 ||    76
  Use: Scroll            |     1 |       ||     1
 Stab: Sleeping          |     2 |       ||     2
Armor: Skin              |    14 |     1 ||    15
Dodge: Dodged            |    30 |     8 ||    38

Table legend: (Time is in decaauts)
 A = Elapsed time spent in this place.
 B = Non-inter-level travel time spent in this place.
 C = Inter-level travel time spent in this place.
 D = Time resting spent in this place.
 E = Time spent auto-exploring this place.
 F = Levels seen in this place.
 G = Mean time per level.
                   A        B        C        D        E       F      G
               +--------+--------+--------+--------+--------+-----+--------+
         Total |   2783 |   2736 |     47 |    561 |   1580 |   3 |  927.7 |
       Dungeon |   2783 |   2736 |     47 |    561 |   1580 |   3 |  927.7 |
               +--------+--------+--------+--------+--------+-----+--------+

Top non-repeatable levels by time:
     D:1: 1428 daAuts
     D:2: 1179 daAuts
     D:3: 176 daAuts
